 Dungeon Crawl Stone Soup version 0.22.0 (webtiles) character file.

234 Anon1729 the Skirmisher (level 5, -2/43 HPs)
             Began as a Demonspawn Monk on Aug 10, 2018.
             Was a Believer of Okawaru.
             Killed by divine providence
             ... invoked by an orc priest
              (10 damage)
             ... on level 3 of the Dungeon.
             The game lasted 00:07:20 (3645 turns).

Anon1729 the Skirmisher (Demonspawn Monk)           Turns: 3645, Time: 00:07:22

Health: -2/43      AC:  3    Str: 11    XL:     5   Next: 75%
Magic:  0/5        EV: 14    Int: 11    God:    Okawaru [**....]
Gold:   197        SH:  0    Dex: 17    Spells: 4/4 levels left

rFire    . . .     SeeInvis .   a - +0 falchion
rCold    . . .     Gourm    .   (no shield)
rNeg     . . .     Faith    .   b - +0 robe
rPois    .         Spirit   +   k - +0 helmet
rElec    .         Reflect  .   (no cloak)
rCorr    .         Harm     .   (no gloves)
MR       .....     Rnd*Tele +   (no boots)
Stlth    ++........             l - amulet of the acrobat
HPRegen  0.14/turn              (no ring)
MPRegen  0.18/turn              (no ring)

@: no status effects
A: teleportitis 1, magic shield, magic regeneration
a: Heroism, Renounce Religion


You were on level 3 of the Dungeon.
You worshipped Okawaru.
Okawaru was pleased with you.
You were near starving.

You visited 1 branch of the dungeon, and saw 3 of its levels.

You collected 197 gold pieces.

Inventory:

Hand Weapons
 a - a +0 falchion (weapon)
Missiles
 i - a stone (quivered)
Armour
 b - a +0 robe (worn)
 k - a +0 helmet (worn)
Jewellery
 l - an amulet of the acrobat (around neck)
Scrolls
 e - 2 scrolls of remove curse {unknown}
 h - 2 scrolls of identify {unknown}
 m - a scroll of teleportation {unknown}
 o - a scroll of random uselessness {unknown}
Comestibles
 c - 3 rations


   Skills:
 + Level 4.4 Fighting
 + Level 4.0 Long Blades
 + Level 4.0 Dodging
 - Level 2.0 Stealth


You had 4 spell levels left.
You didn't know any spells.
Your spell library was empty.

Dungeon Overview and Level Annotations

Branches:
Dungeon (3/15)

Altars:
Ashenzari
Okawaru
Qazlal
Trog
Zin

Annotations:
D:2 1 runed door, Sigmund


Innate Abilities, Weirdness & Mutations

When hurt, damage is shared between your health and your magic reserves.
You regenerate magic rapidly.
You are occasionally teleported next to monsters.


Message History

The orc priest is lightly wounded.
The orc priest misses you.
You hit the orc priest.
The orc priest is heavily wounded.
The orc priest misses you.
You hit the orc priest but do no damage.
The orc priest is heavily wounded.
The orc priest misses you.
You hit the orc priest.
You kill the orc priest!
Okawaru accepts your kill.
Your Long Blades skill increases to level 4!
Your Dodging skill increases to level 4!
You start resting.
The orc priest is too close now for your liking.
Items here: $ ) †† 9 gold pieces; a war axe; an orc corpse x2
The orc priest mumbles some strange prayers to Beogh against you.
Beogh smites you!
You die...

#.# ###........######...... #.#
....................... ######.#
##.....#########...... .......#
#.....# #.#o.#. ########
###.....#########.#..#.
..................#..#.
#########o.......#.#..#.
......)..........#....#.
################@#........#......
..o......#######$#........#..#.#.
########.#.....#)#........#....#.
.....#.#o#)###.#)#.............#.
.......#.#.# #.#.#........#......
####.#.#.#.# #.#.#.########......
#.#.#.#.# #.#.#.# #......
#.#.#.#.###.#.#.# #......
#.#.#.).....#.#.### ####'#.


You could see an orc priest.

Vanquished Creatures
  3 orc priests (D:3)
  Jessica (D:2)
  An orc wizard (D:3)
  An adder (D:2)
  2 oozes (D:1)
  A dart slug (D:1)
  2 leopard geckos (D:3)
  11 orcs (D:3)
  2 ball pythons
  6 giant cockroaches
  4 goblins
  8 hobgoblins
  3 jackals (D:1)
  7 bats
  3 frilled lizards
  6 kobolds
  7 rats
68 creatures vanquished.

Notes
Turn   | Place    | Note
-------+----------+-------------------------------------------
     0 | D:1      | Anon1729 the Demonspawn Monk began the quest for the Orb.
     0 | D:1      | Reached XP level 1. HP: 18/18 MP: 1/1
   123 | D:1      | Gained mutation: When hurt, damage is shared between your health and your magic reserves. [demonic ancestry]
   123 | D:1      | Reached XP level 2. HP: 24/24 MP: 2/2
   654 | D:1      | Reached XP level 3. HP: 13/29 MP: 3/3
  1467 | D:2      | Found a runed door.
  1500 | D:2      | Noticed Jessica
  1513 | D:2      | Killed Jessica
  1513 | D:2      | Reached XP level 4. HP: 35/37 MP: 4/4
  1737 | D:2      | Found a shattered altar of Ashenzari.
  1780 | D:2      | Noticed Sigmund
  2261 | D:3      | Noticed an angel
  2262 | D:3      | Found a glowing silver altar of Zin.
  2544 | D:3      | Found a stormy altar of Qazlal.
  2592 | D:3      | Found a bloodstained altar of Trog.
  2593 | D:3      | Found an iron altar of Okawaru.
  2627 | D:3      | Noticed a phantom
  2659 | D:3      | Became a worshipper of Warmaster Okawaru
  2659 | D:3      | Reached * piety under Okawaru
  2659 | D:3      | Reached ** piety under Okawaru
  3206 | D:3      | Gained mutation: You are occasionally teleported next to monsters. [potion of mutation]
  3206 | D:3      | Gained mutation: Your magical capacity is low. (-10% MP) [potion of mutation]
  3206 | D:3      | Lost mutation: Your magical capacity is low. (-10% MP) [potion of mutation]
  3210 | D:3      | HP: 1/37 [something/magic dart (2)]
  3302 | D:3      | Gained mutation: You regenerate magic rapidly. [demonic ancestry]
  3302 | D:3      | Reached XP level 5. HP: 16/42 MP: 3/5
  3645 | D:3      | Killed from afar by an orc priest

Skill      XL: |  1  2  3  4  5 |
---------------+----------------+-----
Stealth        | 2 |  2.0
Long Blades    | 3 4 |  4.0
Dodging        | 3 4 |  4.0
Fighting       | 4 |  4.4

Action                   |  1- 3 |  4- 6 || total
-------------------------+-------+-------++-------
Melee: Falchion          |   116 |   141 ||   257
Throw: Tomahawk          |       |     4 ||     4
       Stone             |       |     2 ||     2
  Use: Potion            |       |     6 ||     6
 Stab: Sleeping          |     8 |     1 ||     9
  Eat: Chunk             |     2 |     5 ||     7
Armor: Robe              |    16 |    16 ||    32
Dodge: Dodged            |    86 |    77 ||   163
       Rpst.: Falchion   |    26 |    24 ||    50
